 Dungeon Crawl Stone Soup version 0.30-a0-341-g682706514a (webtiles) character file.

Game seed: 17954150526959351606

208 koil the Ruffian (level 5, -9/42 HPs)
             Began as a Draconian Transmuter on Nov 5, 2022.
             Killed from afar by a white imp (11 damage)
             ... with a puff of frost
             ... summoned by Natasha
             ... on level 3 of the Dungeon.
             The game lasted 00:07:07 (1757 turns).

koil the Ruffian (Draconian Transmuter)             Turns: 1757, Time: 00:07:10

Health: -9/42      AC:  5    Str: 14    XL:     5   Next: 55%
Magic:  4/9        EV: 12    Int: 13    God:
Gold:   56         SH:  0    Dex: 12    Spells: 3/9 levels left

rFire   . . .      SeeInvis .      - Unarmed
rCold   . . .      Faith    .    (no shield)
rNeg    . . .      Spirit   .    (body armour unavailable)
rPois   .          Reflect  .    (helmet restricted)
rElec   .          Harm     .    (no cloak)
rCorr   .          Rampage  .    (no gloves)
Will    .....      Clarity  +    (no boots)
Stlth   +.........               (no amulet)
HPRegen 0.00/turn                (no ring)
MPRegen 0.11/turn                (no ring)

@: inhibited regen, hasted, unable to read, very quick
A: AC +5, unfitting armour, cold-blooded, clarity, sense surroundings 1,
inhibited regeneration, inability to read after injury 1
a: no special abilities


You were on level 3 of the Dungeon.
You visited 1 branch of the dungeon, and saw 3 of its levels.

You collected 56 gold pieces.

Inventory:

Hand Weapons
 d - a +1 dagger of venom
 l - a +2 dagger of draining
Missiles
 j - 6 poisoned darts
Scrolls
 b - a scroll of teleportation {unknown}
 c - 3 scrolls of identify {unknown}
 g - a scroll of summoning {unknown}
 h - 2 scrolls of enchant weapon {unknown}
 k - a scroll of immolation {unknown}
Potions
 a - 3 potions of lignification


   Skills:
 + Level 2.4 Fighting
 + Level 2.6 Dodging
 + Level 3.7 Unarmed Combat
 + Level 2.8 Spellcasting
 + Level 2.9 Transmutations
 + Level 2.1 Poison Magic


You had 3 spell levels left.
You knew the following spells:

 Your Spells              Type           Power      Damage    Failure   Level
a - Beastly Appendage     Tmut           18%        N/A       7%          1
b - Wereblood             Tmut           9%         N/A       11%         2
c - Spider Form           Tmut/Pois      8%         N/A       24%         3

Your spell library contained the following spells:

 Spells                   Type           Power      Damage    Failure   Level
 Freeze                   Ice            4%         1d3       24%         1
 Magic Dart               Conj           4%         1d3       24%         1
 Call Imp                 Summ           1%         N/A       34%         2
 Sublimation of Blood     Necr           1%         N/A       34%         2
 Mephitic Cloud           Conj/Pois/Air  3%         N/A       47%         3
 Frozen Ramparts          Ice            2%         1d1       56%         3
 Hailstorm                Conj/Ice       1%         3d3       56%         3
 Ice Form                 Ice/Tmut       5%         N/A       77%         4
 Petrify                  Tmut/Erth      5%         N/A       77%         4
 Irradiate                Conj/Tmut      2%         3d12      98%         5


Dungeon Overview and Level Annotations

Branches:
Dungeon (3/15)

Altars:

Annotations:
D:3 Natasha, Robin


Innate Abilities, Weirdness & Mutations

Your plain brown scales are hard. (AC +5)
You cannot fit into any form of body armour.
You are cold-blooded and may be slowed by cold attacks.
You possess an exceptional clarity of mind.
You passively map a small area around you.
You do not regenerate when monsters are visible.
You occasionally lose the ability to read scrolls when taking damage.


Message History

A goblin comes into view. It is wielding a +0 dagger.
Natasha claws you.
You barely miss Natasha.
Natasha is heavily wounded.
The shadow imp hits you.
* * * LOW HITPOINT WARNING * * *
The crimson imp blinks!
The white imp gestures at you. The puff of frost hits you.
* * * LOW HITPOINT WARNING * * *
The goblin hits you but does no damage.
Robin roars a battlecry!
You hear a shout!
You closely miss Natasha.
Natasha is heavily wounded.
Natasha barely misses you.
The crimson imp blinks!
The white imp gestures at you. The puff of frost hits you.
* * * LOW HITPOINT WARNING * * *
The shadow imp hits you but does no damage.
A goblin comes into view. It is wielding a +0 club.
The goblin hits you with a +0 dagger.
* * * LOW HITPOINT WARNING * * *
It was a potion of mutation.
You feel extremely strange.
You occasionally lose the ability to read scrolls when taking damage.
Your thoughts seem clearer.
Your regeneration stops near monsters.
You feel a strange attunement to the structure of the dungeons.
Natasha claws you.
* * * LOW HITPOINT WARNING * * *
The white imp barely misses you.
The shadow imp hits you but does no damage.
A goblin comes into view. It is wielding a +0 dagger.
The goblin hits you but does no damage.
It was a potion of haste.
You feel yourself speed up.
The crimson imp disappears in a puff of smoke!
Natasha claws you but does no damage. The shadow imp barely misses you.
The white imp gestures at you. The puff of frost hits you!
You feel threatened and lose the ability to read scrolls!
You die...

* , * , # * .... ..
,* ##. *###.#.#....
*, * ....
#.....#...# ,
###..##.#.......#
.....#.#.#.....#
#.............#, *
###...#5..#....#
#......h@g.....#..#
#.#....5§...##.#..#
*
........g).)........
#.#§.g...)#.#......
,, *
#...g.....#.#..#...
,* * ,
##.....#..#.#......,
#.##..........#..# *
gg #.............#
#######)##....#


You could see Robin, Natasha (strong), a white imp (summoned), a shadow imp
(summoned) and 5 goblins.

Vanquished Creatures
  An orc priest (D:3)
  An orc wizard (D:3)
  Terence (D:3)
  Natasha (D:3)
  3 adders (D:2)
  2 dart slugs
  7 orcs (D:3)
  6 bats
  2 endoplasms (D:1)
  A giant cockroach (D:1)
  9 goblins
  5 hobgoblins
  8 jackals
  6 kobolds
  A quokka (D:2)
  5 ball pythons
  3 frilled lizards
62 creatures vanquished.

Vanquished Creatures (others)
  3 fungi (D:3)
3 creatures vanquished.

Grand Total: 65 creatures vanquished

Notes
Turn   | Place    | Note
-------+----------+-------------------------------------------
     0 | D:1      | koil the Draconian Transmuter began the quest for the Orb.
     0 | D:1      | Reached XP level 1. HP: 16/16 MP: 3/3
    95 | D:1      | Reached XP level 2. HP: 23/23 MP: 5/5
   162 | D:1      | Found a faded altar of an unknown god.
   356 | D:1      | Reached skill level 1 in Poison Magic
   363 | D:1      | Learned a level 2 spell: Wereblood
   402 | D:1      | Reached XP level 3. HP: 28/28 MP: 6/6
   930 | D:2      | Identified the +1 leather armour of True Grit {Rampage
                  | Regen+ Str+3}
  1232 | D:2      | Reached XP level 4. HP: 23/36 MP: 3/7
  1328 | D:2      | Learned a level 3 spell: Spider Form
  1590 | D:3      | Noticed Terence
  1612 | D:3      | Killed Terence
  1629 | D:3      | Reached XP level 5. HP: 27/41 MP: 4/8
  1637 | D:3      | Noticed Natasha
  1641 | D:3      | Killed Natasha
  1739 | D:3      | Noticed Natasha
  1746 | D:3      | Noticed Robin
  1756 | D:3      | Gained mutation: You occasionally lose the ability to read
                  | scrolls when taking damage. [potion of mutation]
  1756 | D:3      | Gained mutation: You possess an exceptional clarity of
                  | mind. [potion of mutation]
  1756 | D:3      | Gained mutation: You do not regenerate when monsters are
                  | visible. [potion of mutation]
  1756 | D:3      | Gained mutation: You passively map a small area around you.
                  | [potion of mutation]
  1756 | D:3      | HP: 2/42 [Natasha (1)]
  1757 | D:3      | Killed from afar by a white imp

Illustrated notes

Levels and vault maps discovered:
D:1:      dpeg_arrival_round_a, layout_basic,
          shapermc_ecumenical_altar_flowoftime, nicolae_eternal_life
D:2:      layout_rooms, serial_glass, glass_columns_b, glass_columns_c,
          reono_crystal_passage
D:3:      layout_basic, nicolae_figureground_sparkle, uniq_terence,
          uniq_crazy_yiuf_cottage, uniq_robin, uniq_natasha

Skill      XL: |  1  2  3  4  5 |
---------------+----------------+-----
Dodging        | 2 |  2.6
Poison Magic   | 1 2 |  2.1
Fighting       | 2 |  2.4
Unarmed Combat | |  3.7
Spellcasting   | |  2.8
Transmutations | |  2.9

Action                   |  1- 3 |  4- 6 || total
-------------------------+-------+-------++-------
Melee: Unarmed           |   122 |    68 ||   190
       Tailslap          |    12 |     8 ||    20
       Kick              |     9 |    18 ||    27
       Headbutt          |     4 |    11 ||    15
       Punch             |     3 |       ||     3
 Cast: Beastly Appendage |    12 |     9 ||    21
       Wereblood         |     6 |     8 ||    14
  Use: Potion            |       |     3 ||     3
 Stab: Sleeping          |     1 |     1 ||     2
Armor: Skin              |    40 |    22 ||    62
Dodge: Dodged            |    83 |    48 ||   131

Table legend: (Time is in decaauts)
 A = Elapsed time spent in this place.
 B = Non-inter-level travel time spent in this place.
 C = Inter-level travel time spent in this place.
 D = Time resting spent in this place.
 E = Time spent auto-exploring this place.
 F = Levels seen in this place.
 G = Mean time per level.
                   A        B        C        D        E       F      G
               +--------+--------+--------+--------+--------+-----+--------+
         Total |   1743 |   1679 |     64 |    121 |   1098 |   3 |  581.0 |
       Dungeon |   1743 |   1679 |     64 |    121 |   1098 |   3 |  581.0 |
               +--------+--------+--------+--------+--------+-----+--------+

Top non-repeatable levels by time:
     D:1: 900 daAuts
     D:2: 612 daAuts
     D:3: 231 daAuts
